 Dungeon Crawl Stone Soup version 0.23-a0-270-gab6feb3 (webtiles) character file.

4365 tilp the Spear-Bearer (level 10, -4/71 HPs)
             Began as a Merfolk Ice Elementalist on Oct 1, 2018.
             Was a Priest of Makhleb.
             Slain by a killer bee (10 damage)
             ... on level 9 of the Dungeon.
             The game lasted 00:28:23 (8916 turns).

tilp the Spear-Bearer (Merfolk Ice Elementalist)    Turns: 8916, Time: 00:28:24

Health: -4/71      AC:  7    Str:  7 (8)  XL:     10   Next: 34%
Magic:  16/16      EV: 16    Int: 18 (19) God:    Makhleb [***...]
Gold:   455        SH:  0    Dex: 15 (16) Spells: 12/18 levels left

rFire    . . .     SeeInvis .   p - +1 halberd
rCold    . . .     Gourm    .   (shield currently unavailable)
rNeg     . . .     Faith    .   n - +2 robe {MR+}
rPois    .         Spirit   .   (no helmet)
rElec    .         Reflect  .   (no cloak)
rCorr    .         Harm     .   g - +2 pair of gloves
MR       +....                  (no boots)
Stlth    +++.......             (no amulet)
HPRegen  0.21/turn              j - ring of wizardry
MPRegen  0.15/turn              J - ring of Uprufury {Int+2 Stlth+}

@: hasted, very quick
A: change form in water, swift swim, stealthy swim
a: Minor Destruction, Lesser Servant of Makhleb, Renounce Religion


You were on level 9 of the Dungeon.
You worshipped Makhleb.
Makhleb was most pleased with you.
You were hungry.

You visited 1 branch of the dungeon, and saw 9 of its levels.
You also visited: Sewer.

You collected 455 gold pieces.

Inventory:

Hand Weapons
 a - a +0 spear
 b - a +0 hand axe of flaming
 k - a +3 dagger
 p - a +1 halberd (weapon)
 z - a cursed -3 dagger
Missiles
 y - 9 tomahawks (quivered)
Armour
 g - a +2 pair of gloves (worn)
 n - a +2 robe of magic resistance (worn)
 u - a +1 robe of positive energy
 H - the +1 robe "Ykaos" {rF+ Regen+}
   (You found it on level 6 of the Dungeon)

   It protects you from fire.
   It increases your rate of regeneration.
Jewellery
 j - a ring of wizardry (left hand)
 s - an uncursed ring of see invisible {unknown}
 B - a +4 ring of dexterity {unknown}
 C - a cursed ring of resist corrosion {unknown}
 I - an uncursed amulet of the gourmand
 J - the ring of Uprufury (right hand) {Int+2 Stlth+}
   (You found it on level 7 of the Dungeon)

   [ring of stealth]

   It affects your intelligence (+2).
   It makes you more stealthy.
 K - a +5 ring of strength {unknown}
Wands
 D - a wand of flame (86)
 L - a wand of disintegration (19)
Scrolls
 d - a scroll of magic mapping
 m - 3 scrolls of immolation
 r - a scroll of enchant weapon
 w - 4 scrolls of remove curse
 x - 3 scrolls of enchant armour
 E - a scroll of teleportation
 F - 2 scrolls of fog
 G - 3 scrolls of blinking
 M - a scroll of fear
 N - a scroll of amnesia
Potions
 e - 5 potions of curing
 f - a potion of agility
 h - 2 potions of haste
 i - 2 potions of heal wounds {unknown}
 l - 3 potions of brilliance {unknown}
 o - 3 potions of magic {unknown}
 q - a potion of mutation {unknown}
 t - a potion of lignification
 v - 2 potions of might {unknown}
 A - 5 potions of flight {unknown}
Comestibles
 c - 20 rations
 O - 4 chunks of flesh


   Skills:
 - Level 4.0 Fighting
 * Level 12.5 Polearms
 - Level 6.0 Dodging
 - Level 2.1 Stealth
 + Level 4.5 Spellcasting
 - Level 2.0 Conjurations
 - Level 4.0 Charms
 - Level 6.0 Ice Magic
 + Level 4.6 Invocations
 + Level 4.2 Evocations


You had 12 spell levels left.
You knew the following spells:

 Your Spells              Type           Power        Failure   Level  Hunger
a - Freeze                Ice            ####         1%          1    None
b - Throw Frost           Conj/Ice       ###...       1%          2    #......
c - Ozocubu's Armour      Chrm/Ice       ###.....     2%          3    ###....

Your spell library contained the following spells:

 Spells                   Type           Power        Failure   Level  Hunger
 Throw Icicle             Conj/Ice       ###.....     11%         4    ####...
 Summon Ice Beast         Ice/Summ       ##......     16%         4    ####...


Dungeon Overview and Level Annotations

Branches:
Dungeon (9/15)             Temple (0/1) D:5
   Lair: D:8-11         Orc: D:9-12

Altars:
Ashenzari
Cheibriados
Dithmenos
Makhleb
Ru
Trog
Xom
Yredelemnul

Annotations:
D:4 1 runed door, exclusion: phantom, mopl's ghost, amateur OgFE


Message History

You miss the killer bee.
The killer bee is lightly wounded.
The killer bee stings you but does no damage.
You closely miss the killer bee.
The killer bee is lightly wounded.
You feel less wooden.
Your +2 pair of gloves unmelds from your body.
Your +2 robe of magic resistance unmelds from your body.
You feel resistant to hostile enchantments.
The killer bee closely misses you. The killer bee completely misses you.
The killer bee stings you.
* * * LOW HITPOINT WARNING * * *
The killer bee stings you but does no damage.
The killer bee stings you but does no damage.
The killer bee misses you. The killer bee stings you.
* * * LOW HITPOINT WARNING * * *
The killer bee stings you!
You die...

.... ############
...... #<.)@yy....#
......
#....yy....####......
#....................
#......y.y...........
#..................#
#..........y.......#
#.................##
########..####.####
##...##.####


You could see 7 killer bees.

Vanquished Creatures
  Pikel (D:6)
  A queen bee (D:9)
  A hungry ghost (D:8)
  Menkaure (D:7)
  A water moccasin (D:7)
  4 sky beasts (D:7)
  2 slaves (D:6)
  A black bear (D:6)
  An ice beast (D:8)
  3 ogres
  3 big kobolds
  5 bullfrogs
  A gnoll sergeant (D:5)
  4 scorpions
  11 killer bees (D:9)
  3 wights (D:7)
  A howler monkey (D:6)
  4 hounds
  A quasit (D:6)
  3 orc priests
  6 orc wizards
  Jessica (D:2)
  A centaur skeleton (D:4)
  An iguana (D:4)
  4 worker ants
  A killer bee zombie (D:6)
  A hound zombie (D:8)
  3 hound skeletons (D:7)
  A howler monkey zombie (D:7)
  2 worker ant zombies
  10 adders
  18 gnolls
  A howler monkey skeleton (D:4)
  2 river rats (Sewer)
  A shadow imp (D:7)
  2 oozes (Sewer)
  An adder zombie (D:5)
  5 adder skeletons
  7 worms
  3 dart slugs
  5 leopard geckos
  21 orcs
  5 ball pythons
  4 bats
  6 giant cockroaches
  9 goblins
  5 hobgoblins
  14 kobolds
  5 quokkas
  6 frilled lizards
  A leopard gecko zombie (D:5)
  13 rats
217 creatures vanquished.

Notes
Turn   | Place    | Note
-------+----------+-------------------------------------------
     0 | D:1      | tilp the Merfolk Ice Elementalist began the quest for the
                  | Orb.
     0 | D:1      | Reached XP level 1. HP: 13/13 MP: 3/3
    84 | D:1      | Found a shattered altar of Ashenzari.
   231 | D:1      | Reached XP level 2. HP: 19/19 MP: 5/5
   235 | D:1      | Learned a level 2 spell: Throw Frost
   706 | D:2      | Reached XP level 3. HP: 18/24 MP: 2/6
   711 | D:2      | Learned a level 3 spell: Ozocubu's Armour
   827 | D:2      | Noticed Jessica
   849 | D:2      | Killed Jessica
   849 | D:2      | Reached skill level 5 in Ice Magic
   849 | D:2      | Reached XP level 4. HP: 13/30 MP: 0/7
  1031 | D:2      | Found a shimmering altar of Xom.
  1692 | D:2      | Reached XP level 5. HP: 31/36 MP: 0/8
  1914 | D:2      | Reached skill level 1 in Fighting
  2339 | D:3      | Reached skill level 1 in Polearms
  2561 | D:3      | Found a burning altar of Makhleb.
  2579 | D:3      | Became a worshipper of Makhleb the Destroyer
  2679 | D:4      | Reached skill level 2 in Polearms
  2698 | D:4      | Reached XP level 6. HP: 42/44 MP: 5/9
  2700 | D:4      | Found a runed door.
  2817 | D:4      | Reached skill level 3 in Polearms
  2913 | D:4      | Noticed a phantom
  2954 | D:4      | Found a burning altar of Makhleb.
  3030 | D:4      | Reached skill level 4 in Polearms
  3155 | D:4      | Reached XP level 7. HP: 38/51 MP: 0/10
  3328 | D:4      | Reached skill level 5 in Polearms
  3439 | D:4      | Noticed mopl's ghost (amateur OgFE)
  3464 | D:4      | Reached * piety under Makhleb
  3473 | D:4      | Reached skill level 5 in Dodging
  3822 | D:4      | Reached skill level 6 in Polearms
  4219 | D:5      | Entered Level 5 of the Dungeon
  4244 | D:5      | Found a staircase to the Ecumenical Temple.
  4695 | D:5      | Found a snail-covered altar of Cheibriados.
  4755 | D:5      | Reached skill level 7 in Polearms
  4755 | D:5      | Reached XP level 8. HP: 50/60 MP: 2/11
  5278 | D:6      | Reached ** piety under Makhleb
  5449 | D:6      | Noticed Pikel
  5465 | D:6      | Found a glowing drain.
  5476 | Sewer    | Entered a sewer
  5541 | Sewer    | Reached skill level 8 in Polearms
  5707 | Sewer    | Reached skill level 9 in Polearms
  6095 | D:6      | Reached skill level 1 in Conjurations
  6101 | D:6      | Reached skill level 1 in Charms
  6101 | D:6      | Reached skill level 1 in Invocations
  6146 | D:6      | Got a faintly humming robe
  6163 | D:6      | Reached skill level 1 in Evocations
  6340 | D:6      | Killed Pikel
  6340 | D:6      | Reached skill level 10 in Polearms
  6340 | D:6      | Reached XP level 9. HP: 54/65 MP: 2/13
  7057 | D:7      | Got a brightly glowing jade ring
  7058 | D:7      | Identified the ring of Uprufury {Int+2 Stlth+} (You found
                  | it on level 7 of the Dungeon)
  7132 | D:7      | Reached skill level 11 in Polearms
  7185 | D:7      | Reached *** piety under Makhleb
  7268 | D:7      | Noticed Menkaure
  7279 | D:7      | Killed Menkaure
  8019 | D:8      | Found a shadowy altar of Dithmenos.
  8051 | D:8      | Identified the +1 robe "Ykaos" {rF+ Regen+} (You found it
                  | on level 6 of the Dungeon)
  8079 | D:8      | Found a sacrificial altar of Ru.
  8082 | D:8      | Found a bloodstained altar of Trog.
  8092 | D:8      | Found a shadowy altar of Dithmenos.
  8096 | D:8      | Found a basalt altar of Yredelemnul.
  8233 | D:8      | Reached XP level 10. HP: 71/71 MP: 15/15
  8734 | D:8      | Reached skill level 12 in Polearms
  8916 | D:9      | Slain by a killer bee

Vault maps used:
D:1:      roderic_chinese_lattice_arrival, ashenzari_altar_1
D:2:      nicolae_overflow_crystal_walls, st_stairs_6, uniq_jessica
D:3:      lightli_temple_of_fire
D:4:      ebering_ghost_reflecting_pool, bloody_makhleb
D:5:      kennysheep_slug_shrine, first_ration
D:6:      gup_sewer_entry_bowl, uniq_pikel
D:7:      uniq_menkaure
D:8:      grunt_temple_overflow_open, basic_altar, blue_anna_alchemist,
          hangedman_decor_diamond_cutter
D:9:      lair_entry_dummy, special_room
Sewer:    sewer_co_15_rooms

Skill      XL: |  1  2  3  4  5  6  7  8  9 10 |
---------------+-------------------------------+-----
Ice Magic      | 4 5 6 |  6.0
Dodging        | 3 4 5 6 |  6.0
Fighting       | 2 4 |  4.0
Polearms       | 2 4 7 10 11 12 | 12.5
Conjurations   | 1 2 |  2.0
Charms         | 2 3 4 |  4.0
Invocations    | 2 3 4 |  4.6
Evocations     | 1 3 4 |  4.2
Spellcasting   | 3 4 |  4.5
Stealth        | |  2.1

Action                   |  1- 3 |  4- 6 |  7- 9 | 10-12 || total
-------------------------+-------+-------+-------+-------++-------
Melee: Dagger            |    18 |     9 |       |       ||    27
       Unarmed           |     1 |       |       |       ||     1
       Spear             |       |    31 |   428 |       ||   459
       Tailslap          |       |       |     3 |       ||     3
       Halberd           |       |       |    79 |   162 ||   241
 Fire: Hunting sling     |       |    38 |       |       ||    38
Throw: Stone             |       |     3 |     4 |       ||     7
       Tomahawk          |       |       |       |     2 ||     2
 Cast: Freeze            |    35 |    85 |   170 |     8 ||   298
       Throw Frost       |       |     2 |     7 |       ||     9
       Ozocubu's Armour  |       |     1 |    20 |     3 ||    24
Evoke: Wand              |       |       |       |     1 ||     1
  Use: Scroll            |     5 |     4 |    13 |     2 ||    24
       Potion            |       |       |       |     9 ||     9
 Stab: Sleeping          |     3 |     4 |    10 |     1 ||    18
       Distracted        |       |       |     1 |       ||     1
  Eat: Chunk             |       |     9 |    18 |     1 ||    28
       Ration            |       |       |     1 |     1 ||     2
Armor: Robe              |     7 |    13 |   108 |    28 ||   156
       Skin              |       |       |       |    98 ||    98
Dodge: Dodged            |    25 |    64 |   376 |    87 ||   552

Table legend:
 A = Non-vault XP
 B = Vault XP
 C = Vault XP percentage of total XP
 D = Non-vault monster count
 E = Vault monster count
 F = Vault count percentage of total count
                 A         B        C        D         E       F
            +---------+---------+-------+---------+---------+-------
      Total |    4041 |    2195 |  35.2 |     172 |      43 |  20.0
            +---------+---------+-------+---------+---------+-------
        D:1 |      23 |       0 |   0.0 |      16 |       0 |   0.0
        D:2 |     160 |      39 |  19.6 |      26 |       2 |   7.1
        D:3 |      77 |       0 |   0.0 |      16 |       0 |   0.0
        D:4 |     702 |       0 |   0.0 |      38 |       0 |   0.0
        D:5 |     361 |       4 |   1.1 |      16 |       1 |   5.9
        D:6 |     479 |     620 |  56.4 |      12 |       3 |  20.0
        D:7 |    1375 |     175 |  11.3 |      30 |       1 |   3.2
        D:8 |     809 |     100 |  11.0 |      16 |       1 |   5.9
        D:9 |      55 |     978 |  94.7 |       2 |      12 |  85.7
      Sewer |       0 |     279 | 100.0 |       0 |      23 | 100.0
            +---------+---------+-------+---------+---------+-------
